 Dungeon Crawl Stone Soup version 0.26-a0-1060-g086102a3f0 (webtiles) character file.

Game seed: 10384978233725770521

41 stormannn the Caller (level 3, -1/19 HPs)
             Began as a Tengu Summoner on Dec 13, 2020.
             Slain by a goblin (3 damage)
             ... led by Robin
             ... on level 2 of the Dungeon.
             The game lasted 00:05:51 (1637 turns).

stormannn the Caller (Tengu Summoner)               Turns: 1637, Time: 00:05:52

Health: -1/19      AC:  2    Str:  8    XL:     3   Next: 52%
Magic:  3/7        EV: 13    Int: 16    God:
Gold:   19         SH:  0    Dex: 14    Spells: 5/6 levels left

rFire    . . .     SeeInvis .   b - +0 short sword
rCold    . . .     Faith    .   (no shield)
rNeg     . . .     Spirit   .   a - +0 robe
rPois    .         Reflect  .   (helmet restricted)
rElec    .         Harm     .   (no cloak)
rCorr    .         Rampage  .   (no gloves)
Will     .....                  (boots unavailable)
Stlth    ++........             (no amulet)
HPRegen  0.06/turn              (no ring)
MPRegen  0.10/turn              (no ring)

@: no status effects
A: beak, talons 3
a: no special abilities


You were on level 2 of the Dungeon.
You visited 1 branch of the dungeon, and saw 2 of its levels.

You collected 19 gold pieces.

Inventory:

Hand Weapons
 b - a +0 short sword (weapon)
Armour
 a - a +0 robe (worn)
Scrolls
 c - a scroll of identify {unknown}
 d - a scroll of teleportation {unknown}
 h - a scroll of remove curse {unknown}
 j - a scroll of blinking {unknown}
Potions
 e - a potion of might {unknown}
 f - a potion of attraction {unknown}
 g - a potion of haste {unknown}
 i - a potion of resistance {unknown}


   Skills:
 + Level 2.8 Dodging
 + Level 2.6 Stealth
 + Level 2.4 Spellcasting
 + Level 5.2 Summonings


You had 5 spell levels left.
You knew the following spells:

 Your Spells              Type           Power        Failure   Level
a - Summon Small Mammal   Summ           ###.         2%          1

Your spell library contained the following spells:

 Spells                   Type           Power        Failure   Level
 Call Imp                 Summ           ###.....     3%          2
 Call Canine Familiar     Summ           ###.....     7%          3
 Summon Guardian Golem    Hex/Summ       ##......     21%         3
 Summon Ice Beast         Ice/Summ       ##......     56%         4
 Summon Lightning Spire   Summ/Air       ##......     56%         4


Dungeon Overview and Level Annotations

Branches:
Dungeon (2/15)

Altars:

Annotations:
D:2 Robin


Innate Abilities, Weirdness & Mutations

You have a beak for a mouth.
You have claws for feet.


Message History

* * * LOW HITPOINT WARNING * * *
Your quokka closely misses the goblin.
Your quokka misses the goblin.
Casting: Summon Small Mammal (safe; 2% risk of failure)
Confirm with . or Enter, or press ? or * to list all spells.
The goblin closely misses your rat. The goblin hits you.
* * * LOW HITPOINT WARNING * * *
The goblin closely misses you.
Your quokka closely misses the goblin.
The goblin hits you with a +0 club.
* * * LOW HITPOINT WARNING * * *
Your quokka barely misses the goblin.
Your rat barely misses the goblin.
You swap places.
Your quokka bites the goblin.
The goblin dies!
The goblin misses you. The goblin barely misses you.
Robin says, "Bow before me, strongest of all the hobgoblins!"
Your quokka barely misses the goblin.
Your rat bites the goblin. x2
You swap places.
Your quokka closely misses the goblin.
The goblin closely misses your rat.
Your quokka closely misses the goblin.
The goblin hits your rat but does no damage.
The goblin hits you.
You die...

#......####....#
......#####...(#
.#..........#
#####..#...#
#.###### #.#
...#####.###
...g.gg.)..#
...###rrrr@#
#..gg.# #######


You could see Robin, a hobgoblin, 3 goblins, 2 friendly quokkas and 2 friendly
rats.

Vanquished Creatures
  A gnoll (D:1)
  A leopard gecko (D:1)
  3 bats
  A goblin (D:1)
  A rat (D:1)
7 creatures vanquished.

Vanquished Creatures (collateral kills)
  An adder (D:2)
  A leopard gecko (D:1)
  2 giant cockroaches (D:1)
  3 goblins
  4 hobgoblins
  3 jackals (D:1)
  2 bats (D:1)
  3 frilled lizards (D:1)
  7 kobolds (D:1)
  5 rats
31 creatures vanquished.

Grand Total: 38 creatures vanquished

Notes
Turn   | Place    | Note
-------+----------+-------------------------------------------
     0 | D:1      | stormannn the Tengu Summoner began the quest for the Orb.
     0 | D:1      | Reached XP level 1. HP: 10/10 MP: 4/4
   184 | D:1      | Reached XP level 2. HP: 15/15 MP: 1/6
   417 | D:1      | Reached skill level 5 in Summonings
   858 | D:1      | Reached XP level 3. HP: 14/19 MP: 2/7
  1629 | D:2      | Noticed Robin
  1637 | D:2      | Slain by a goblin

Illustrated notes

Levels and vault maps discovered:
D:1:      dpeg_arrival_stonehenge_8_columns, layout_basic, serial_rivers,
          chequers_serial_rivers_small_a, chequers_serial_rivers_small_b,
          chequers_serial_rivers_small_3, chequers_serial_rivers_large_b
D:2:      layout_rooms, nicolae_overflow_hidden_temple,
          chequers_ecumenical_altar_simple_redux, hex_large, uniq_natasha,
          uniq_robin, uniq_sigmund

Skill      XL: |  1  2 |
---------------+-------+-----
Summonings     | 5 |  5.2
Dodging        | |  2.8
Stealth        | |  2.6
Spellcasting   | |  2.4

Action                   || total
-------------------------++-------
Melee: Unarmed           ||     4
       Short sword       ||    22
       Kick              ||     4
       Peck              ||     4
 Cast: Summon Small Mamm ||    63
 Stab: Sleeping          ||     1
Armor: Robe              ||    10
Dodge: Dodged            ||    46

Table legend: (Time is in decaauts)
 A = Elapsed time spent in this place.
 B = Non-inter-level travel time spent in this place.
 C = Inter-level travel time spent in this place.
 D = Time resting spent in this place.
 E = Time spent auto-exploring this place.
 F = Levels seen in this place.
 G = Mean time per level.
                   A        B        C        D        E       F      G
               +--------+--------+--------+--------+--------+-----+--------+
         Total |   1665 |   1658 |      7 |    361 |    928 |   2 |  832.5 |
       Dungeon |   1665 |   1658 |      7 |    361 |    928 |   2 |  832.5 |
               +--------+--------+--------+--------+--------+-----+--------+

Top non-repeatable levels by time:
     D:1: 1538 daAuts
     D:2: 126 daAuts
